Boston Bruins vs Minnesota North Stars
Created - Wednesday, March 5, 2025 at 08:41
Goals
|
| Boston Bruins |
3 |
0 |
2 |
5 |
| Minnesota North Stars |
0 |
1 |
1 |
2 |
|
Shots
|
| Boston Bruins |
11 |
8 |
14 |
33 |
| Minnesota North Stars |
8 |
7 |
13 |
28 |
|
1st period
1. Boston Bruins , Andrew Copp 5 (Joel Farabee 15, Yegor Zamula 5) at 3:16
2. Boston Bruins , Joel Farabee 7 (John Ludvig 2, Petr Mrazek) at 15:33
3. Boston Bruins , Evander Kane 10 (Joel Farabee 16, Ryan Lindgren 8) at 17:35
Penalties :
Connor Clifton (BOS) for Tripping (Minor) at 11:21
2nd period
4. Minnesota North Stars , Alexander Kerfoot 4 (Ryan Nugent-Hopkins 7, Dylan DeMelo 7) at 18:16
Penalties :
Neal Pionk (MNS) for Slashing (Minor) at 1:19, Connor Clifton (BOS) for Slashing (Minor) at 13:04, John Ludvig (BOS) for Hooking (Minor) at 16:06
3rd period
5. Minnesota North Stars , Evan Rodrigues 2 (Jonathan Marchessault 12, Ivan Barbashev 5) at 5:24
6. Boston Bruins , Ryan Lindgren 2 (Viktor Arvidsson 4, Vincent Trocheck 19) at 17:10
7. Boston Bruins , Connor Clifton 2 (Viktor Arvidsson 5, Ryan Strome 5) at 18:31 (PP)
Penalties :
Neal Pionk (MNS) for Tripping (Minor) at 2:55, John Ludvig (BOS) for Hooking (Minor) at 8:40, Rasmus Dahlin (MNS) for Tripping (Minor) at 18:19
Goalie Stats
Petr Mrazek (BOS), 26 saves from 28 shots - (0.929), W, 7-4-0, 60:00 minutes
Charlie Lindgren (MNS), 28 saves from 33 shots - (0.848), L, 6-3-1, 60:00 minutes
Players Stats for Boston Bruins
Player Name G A P +/- PIM S H SB GA TA FO MP PP MP PK MP
------------------------------------------------------------------------------------
Anders Lee 0 0 0 -1 0 4 1 0 1 0 1/1 12:56 0:32 0:00
Andrew Copp 1 0 1 2 0 3 1 2 0 0 16/29 16:02 2:02 0:00
Angus Crookshank 0 0 0 0 0 0 1 0 0 0 0/0 6:38 0:00 0:00
Connor Clifton 1 0 1 0 4 2 0 1 0 0 0/0 18:44 2:05 2:01
Eetu Luostarinen 0 0 0 0 0 0 0 0 0 0 0/1 6:38 0:00 0:00
Evander Kane 1 0 1 2 0 2 0 0 1 0 0/0 16:02 2:02 0:00
Joel Farabee 1 2 3 2 0 6 0 0 1 0 0/1 19:56 2:02 3:54
John Ludvig 0 1 1 1 4 0 0 1 0 1 0/0 13:49 0:00 1:39
John-Jason Peterka 0 0 0 0 0 1 2 1 0 0 0/0 7:17 0:30 0:00
Matthew Beniers 0 0 0 -1 0 2 0 3 0 0 11/15 12:56 0:32 0:00
Morgan Geekie 0 0 0 -1 0 1 2 0 1 0 1/1 12:06 0:00 0:00
Ryan Lindgren 1 1 2 0 0 3 1 2 0 0 0/0 27:12 2:05 3:55
Ryan Strome 0 1 1 2 0 0 1 1 0 0 4/6 19:30 1:36 3:54
Torey Krug 0 0 0 0 0 1 3 3 0 1 0/0 28:15 2:05 4:16
Ty Emberson 0 0 0 0 0 0 1 2 0 1 0/0 20:38 2:05 4:01
Viktor Arvidsson 0 2 2 1 0 6 0 0 1 1 0/0 20:30 1:36 4:02
Vincent Trocheck 0 1 1 1 0 1 1 0 1 1 8/13 20:41 1:38 4:02
Yegor Zamula 0 1 1 2 0 1 0 0 0 0 0/0 12:10 0:00 0:00
Players Stats for Minnesota North Stars
Player Name G A P +/- PIM S H SB GA TA FO MP PP MP PK MP
------------------------------------------------------------------------------------
Alexander Kerfoot 1 0 1 0 0 1 0 0 0 0 1/2 13:07 0:00 2:01
Brock Nelson 0 0 0 -2 0 4 0 1 0 0 1/1 17:52 3:56 0:00
Dylan DeMelo 0 1 1 -2 0 1 2 2 0 1 0/0 17:09 0:00 2:16
Erik Cernak 0 0 0 1 0 1 1 1 0 0 0/0 16:15 0:00 0:12
Evan Rodrigues 1 0 1 1 0 2 0 0 0 0 2/5 8:09 0:00 0:00
Evgeni Malkin 0 0 0 -2 0 1 3 0 1 0 7/18 18:15 3:56 0:11
Frank Vatrano 0 0 0 -1 0 2 1 1 0 0 0/1 18:27 3:57 0:00
Gustav Forsling 0 0 0 1 0 1 1 2 0 2 0/0 22:23 4:09 2:32
Ivan Barbashev 0 1 1 1 0 3 1 0 0 1 0/0 8:09 0:00 0:00
Jack Hughes 0 0 0 -1 0 1 0 0 1 0 1/2 14:09 4:00 0:00
Jonas Brodin 0 0 0 -2 0 0 0 3 0 1 0/0 20:39 4:09 1:48
Jonathan Marchessault 0 1 1 1 0 1 1 2 0 0 0/0 12:30 3:56 0:13
Lawson Crouse 0 0 0 -1 0 2 4 1 1 0 0/0 17:02 0:00 1:56
Neal Pionk 0 0 0 -1 4 0 1 3 0 0 0/0 20:56 3:47 0:00
Rasmus Dahlin 0 0 0 -1 2 2 2 3 0 1 0/0 22:48 3:47 1:32
Ryan Nugent-Hopkins 0 1 1 0 0 1 1 0 1 0 6/18 13:10 0:03 2:01
Valeri Nichushkin 0 0 0 -1 0 4 1 0 1 0 0/1 18:30 4:00 0:00
William Karlsson 0 0 0 -1 0 1 2 0 0 0 8/19 16:17 0:00 1:58
3 Stars
1 - Joel Farabee (BOS)
2 - Ryan Lindgren (BOS)
3 - Andrew Copp (BOS)
Power Play
Boston Bruins - 1 on 3 Attempt(s) - 33.33%
Minnesota North Stars - 0 on 4 Attempt(s) - 0.00%
Penalty Kill
Boston Bruins - 4 on 4 Attempt(s) - 100.00%
- Score 0 goal in Penalty Kill
Minnesota North Stars - 2 on 3 Attempt(s) - 66.67%
- Score 0 goal in Penalty Kill
Team Stat
Boston Bruins - Hits : 14 - Faceoff Wins : 41 - Blocked Shots : 16 - Penalty Minutes : 8
Minnesota North Stars - Hits : 21 - Faceoff Wins : 26 - Blocked Shots : 19 - Penalty Minutes : 6
Official
Referees : Ian Walsh and Graham Skilliter
Linesman : Mitchell Hunt and Kiel Murchison
Game Notes
No Game Note
Finance
Level 1 -- Attendance: 4923 (82.05%) -- Ticket Income $492,300
Level 2 -- Attendance: 4204 (84.08%) -- Ticket Income $252,240
Level 3 -- Attendance: 2269 (75.63%) -- Ticket Income $79,415
Level 4 -- Attendance: 3476 (69.52%) -- Ticket Income $86,900
Luxury Box -- Attendance: 730 (73.00%) -- Ticket Income $146,000
Game was played at the Met Center.
Total Attendance: 15602 (78.01%)
Total Ticket Income: $1,056,855
Other Income: $369,899
Total Income: $1,426,754
Boston Bruins
5 vs 5 Forward
Center Left Wing Right Wing Time % Phy DF OF
1 Vincent Trocheck Viktor Arvidsson Ryan Strome 30 1 2 2
2 Andrew Copp Evander Kane Joel Farabee 30 1 2 2
3 Matthew Beniers Anders Lee Morgan Geekie 25 1 2 2
4 Eetu Luostarinen Angus Crookshank John-Jason Peterka 15 1 2 2
5 vs 5 Defense
Defense Defense Time % Phy DF OF
1 Torey Krug Ryan Lindgren 30 1 2 2
2 Connor Clifton Ty Emberson 30 1 2 2
3 Yegor Zamula John Ludvig 25 1 2 2
4 Torey Krug Ryan Lindgren 15 1 2 2
PowerPlay Forward
Center Left Wing Right Wing Time % Phy DF OF
1 Vincent Trocheck Viktor Arvidsson Ryan Strome 50 1 2 2
2 Andrew Copp Evander Kane Joel Farabee 50 1 2 2
PowerPlay Defense
Defense Defense Time % Phy DF OF
1 Torey Krug Ryan Lindgren 50 1 2 2
2 Connor Clifton Ty Emberson 50 1 2 2
Penalty Kill 4 Players Forward
Center Wing Time % Phy DF OF
1 Vincent Trocheck Viktor Arvidsson 50 1 2 2
2 Ryan Strome Joel Farabee 50 1 2 2
Penalty Kill 4 Players Defense
Defense Defense Time % Phy DF OF
1 Torey Krug Ryan Lindgren 50 1 2 2
2 Connor Clifton Ty Emberson 50 1 2 2
Penalty Kill - 3 Players Forward
Forward Time % Phy DF OF
1 Vincent Trocheck 50 1 2 2
2 Viktor Arvidsson 50 1 2 2
Penalty Kill - 3 Players Defense
Defense Defense Time % Phy DF OF
1 Torey Krug Ryan Lindgren 50 1 2 2
2 Connor Clifton Ty Emberson 50 1 2 2
4 vs 4 Forward
Center Wing Time % Phy DF OF
1 Vincent Trocheck Viktor Arvidsson 50 1 2 2
2 Ryan Strome Joel Farabee 50 1 2 2
4 vs 4 Defense
Defense Defense Time % Phy DF OF
1 Torey Krug Ryan Lindgren 50 1 2 2
2 Connor Clifton Ty Emberson 50 1 2 2
Last Minutes Offensive
Center Left Wing Right Wing Defense Defense
Vincent Trocheck Viktor Arvidsson Ryan Strome Torey Krug Ryan Lindgren
Last Minutes Defensive
Center Left Wing Right Wing Defense Defense
Vincent Trocheck Viktor Arvidsson Ryan Strome Torey Krug Ryan Lindgren
Goaltenders
Starting : Petr Mrazek
Backup : Pyotr Kochetkov
Extra Forwards
Normal : Matthew Beniers, Anders Lee, Morgan Geekie - PP : Matthew Beniers, Anders Lee - PK : Morgan Geekie
Extra Defensemen
Normal : Yegor Zamula, John Ludvig, Connor Clifton - PP : Yegor Zamula - PK : John Ludvig, Connor Clifton
Penalty Shots
Vincent Trocheck, Viktor Arvidsson, Ryan Strome, Joel Farabee, Andrew Copp
Scratches
Anthony Beauvillier (Healthy), Alex Newhook (Healthy), Drew O'Connor (Healthy), Alex Vlasic (Sprained Right Finger Injury), Beck Malenstyn (Healthy)
Minnesota North Stars
5 vs 5 Forward
Center Left Wing Right Wing Time % Phy DF OF
1 William Karlsson Valeri Nichushkin Frank Vatrano 30 0 2 3
2 Evgeni Malkin Brock Nelson Lawson Crouse 30 0 2 2
3 Ryan Nugent-Hopkins Jack Hughes Alexander Kerfoot 25 0 2 3
4 Evan Rodrigues Jonathan Marchessault Ivan Barbashev 15 0 2 3
5 vs 5 Defense
Defense Defense Time % Phy DF OF
1 Rasmus Dahlin Neal Pionk 34 0 3 2
2 Gustav Forsling Erik Cernak 33 0 3 2
3 Jonas Brodin Dylan DeMelo 30 0 3 2
4 Rasmus Dahlin Neal Pionk 3 1 2 2
PowerPlay Forward
Center Left Wing Right Wing Time % Phy DF OF
1 Jack Hughes Valeri Nichushkin Frank Vatrano 50 1 2 2
2 Evgeni Malkin Brock Nelson Jonathan Marchessault 50 0 0 5
PowerPlay Defense
Defense Defense Time % Phy DF OF
1 Rasmus Dahlin Neal Pionk 50 0 2 3
2 Gustav Forsling Jonas Brodin 50 0 2 3
Penalty Kill 4 Players Forward
Center Wing Time % Phy DF OF
1 William Karlsson Lawson Crouse 50 0 5 0
2 Alexander Kerfoot Ryan Nugent-Hopkins 50 0 5 0
Penalty Kill 4 Players Defense
Defense Defense Time % Phy DF OF
1 Dylan DeMelo Neal Pionk 50 0 5 0
2 Gustav Forsling Jonas Brodin 50 0 5 0
Penalty Kill - 3 Players Forward
Forward Time % Phy DF OF
1 William Karlsson 50 0 5 0
2 Alexander Kerfoot 50 0 5 0
Penalty Kill - 3 Players Defense
Defense Defense Time % Phy DF OF
1 Erik Cernak Dylan DeMelo 50 1 2 2
2 Gustav Forsling Jonas Brodin 50 0 5 0
4 vs 4 Forward
Center Wing Time % Phy DF OF
1 Valeri Nichushkin William Karlsson 50 0 2 3
2 Evgeni Malkin Jack Hughes 50 1 2 2
4 vs 4 Defense
Defense Defense Time % Phy DF OF
1 Rasmus Dahlin Neal Pionk 50 0 3 2
2 Gustav Forsling Erik Cernak 50 0 3 2
Last Minutes Offensive
Center Left Wing Right Wing Defense Defense
William Karlsson Jack Hughes Frank Vatrano Rasmus Dahlin Neal Pionk
Last Minutes Defensive
Center Left Wing Right Wing Defense Defense
William Karlsson Lawson Crouse Alexander Kerfoot Erik Cernak Gustav Forsling
Goaltenders
Starting : Charlie Lindgren
Backup : Logan Thompson
Extra Forwards
Normal : Brock Nelson, Ryan Nugent-Hopkins, Alexander Kerfoot - PP : Brock Nelson, Ryan Nugent-Hopkins - PK : Alexander Kerfoot
Extra Defensemen
Normal : Jonas Brodin, Dylan DeMelo, Gustav Forsling - PP : Jonas Brodin - PK : Dylan DeMelo, Gustav Forsling
Penalty Shots
Valeri Nichushkin, William Karlsson, Evgeni Malkin, Jack Hughes, Brock Nelson
Scratches
Michael Rasmussen (Healthy), Cam York (Healthy), Matt Roy (Healthy)
% Time on Ice - Boston Bruins
Lines # - Real PCT - Wanted PCT - Time Play
Normal Forward
1 - 32% - 30% - 15:10
2 - 29% - 30% - 14:00
3 - 25% - 25% - 12:06
4 - 14% - 15% - 6:38
Normal Defense
1 - 31% - 30% - 15:04
2 - 31% - 30% - 14:51
3 - 25% - 25% - 11:52
4 - 13% - 15% - 6:07
PP Forward
1 - 43% - 50% - 1:48
2 - 57% - 50% - 2:22
PP Defense
1 - 50% - 50% - 2:05
2 - 50% - 50% - 2:05
PK Forward
1 - 51% - 50% - 4:02
2 - 49% - 50% - 3:54
PK Defense
1 - 49% - 50% - 3:53
2 - 51% - 50% - 4:03
PK3 Forward
1 - 0% - 50%
2 - 0% - 50%
PK3 Defense
1 - 0% - 50%
2 - 0% - 50%
44 Forward
1 - 0% - 50%
2 - 0% - 50%
44 Defense
1 - 0% - 50%
2 - 0% - 50%
Last Minute Offensive - 0:00
Last Minute Defensive - 0:00
Total
Forward - 60:00
Defense - 60:00
|
% Time on Ice - Minnesota North Stars
Lines # - Real PCT - Wanted PCT - Time Play
Normal Forward
1 - 30% - 30% - 14:31
2 - 30% - 30% - 14:08
3 - 23% - 25% - 11:06
4 - 17% - 15% - 8:09
Normal Defense
1 - 34% - 34% - 16:22
2 - 34% - 33% - 16:10
3 - 30% - 30% - 14:25
4 - 2% - 3% - 0:57
PP Forward
1 - 50% - 50% - 4:00
2 - 50% - 50% - 3:56
PP Defense
1 - 48% - 50% - 3:47
2 - 52% - 50% - 4:09
PK Forward
1 - 48% - 50% - 1:59
2 - 52% - 50% - 2:11
PK Defense
1 - 64% - 50% - 2:41
2 - 36% - 50% - 1:29
PK3 Forward
1 - 0% - 50%
2 - 0% - 50%
PK3 Defense
1 - 0% - 50%
2 - 0% - 50%
44 Forward
1 - 0% - 50%
2 - 0% - 50%
44 Defense
1 - 0% - 50%
2 - 0% - 50%
Last Minute Offensive - 0:00
Last Minute Defensive - 0:00
Total
Forward - 60:00
Defense - 60:00
|
Play-by-Play
1st period
0:01 of 1st period - William Karlsson wins face-off versus Vincent Trocheck in neutral zone.
0:09 of 1st period - Slapshot by William Karlsson.
0:09 of 1st period - Shot Misses the Net.
0:13 of 1st period - Snap shot by Valeri Nichushkin.
0:13 of 1st period - Shot Blocked by Ryan Lindgren.
0:15 of 1st period - Snap shot by Rasmus Dahlin.
0:15 of 1st period - Stopped by Petr Mrazek without a rebound.
0:16 of 1st period - Evgeni Malkin wins face-off versus Andrew Copp in Boston Bruins zone.
0:21 of 1st period - Wrist shot by Brock Nelson.
0:21 of 1st period - Stopped by Petr Mrazek without a rebound.
0:22 of 1st period - Andrew Copp wins face-off versus Evgeni Malkin in Boston Bruins zone.
0:22 of 1st period - Andrew Copp is hit by Evgeni Malkin.
0:30 of 1st period - Backhand shot by Andrew Copp.
0:30 of 1st period - Shot Blocked by Gustav Forsling.
0:35 of 1st period - Off-side.
0:36 of 1st period - Matthew Beniers wins face-off versus Ryan Nugent-Hopkins in neutral zone.
1:30 of 1st period - Snap shot by Vincent Trocheck.
1:30 of 1st period - Stopped by Charlie Lindgren with a rebound.
2:30 of 1st period - Slapshot by Valeri Nichushkin.
2:30 of 1st period - Stopped by Petr Mrazek with a rebound.
2:32 of 1st period - Snap shot by Valeri Nichushkin.
2:32 of 1st period - Shot Hit the Post.
3:14 of 1st period - Snap shot by Joel Farabee.
3:14 of 1st period - Stopped by Charlie Lindgren with a rebound.
3:16 of 1st period - Snap shot by Andrew Copp.
3:16 of 1st period - Goal by Andrew Copp - Boston Bruins : 1 - Minnesota North Stars : 0.
3:17 of 1st period - Ryan Nugent-Hopkins wins face-off versus Matthew Beniers in neutral zone.
3:42 of 1st period - Ryan Lindgren is hit by William Karlsson.
3:46 of 1st period - Frank Vatrano is hit by Ryan Strome.
3:58 of 1st period - Gustav Forsling is hit by Ryan Lindgren and loses puck.
4:43 of 1st period - Wrist shot by Brock Nelson.
4:43 of 1st period - Stopped by Petr Mrazek without a rebound.
4:44 of 1st period - Matthew Beniers wins face-off versus Ryan Nugent-Hopkins in Boston Bruins zone.
4:44 of 1st period - Matthew Beniers is hit by Rasmus Dahlin.
4:49 of 1st period - Off-side.
4:50 of 1st period - Ryan Nugent-Hopkins wins face-off versus Matthew Beniers in neutral zone.
4:53 of 1st period - Snap shot by Jack Hughes.
4:53 of 1st period - Stopped by Petr Mrazek with a rebound.
5:17 of 1st period - Evgeni Malkin is hit by Andrew Copp.
5:25 of 1st period - Yegor Zamula is hit by Lawson Crouse and loses puck.
5:52 of 1st period - Dylan DeMelo is hit by Vincent Trocheck and loses puck.
6:47 of 1st period - Off-side.
6:48 of 1st period - Evgeni Malkin wins face-off versus Joel Farabee in neutral zone.
7:10 of 1st period - Ty Emberson is hit by Evgeni Malkin and loses puck.
7:19 of 1st period - Snap shot by Andrew Copp.
7:19 of 1st period - Shot Blocked by Neal Pionk.
7:21 of 1st period - Slapshot by Connor Clifton.
7:21 of 1st period - Shot Misses the Net.
7:23 of 1st period - Wrist shot by Andrew Copp.
7:23 of 1st period - Shot Misses the Net.
7:29 of 1st period - Snap shot by Andrew Copp.
7:29 of 1st period - Shot Blocked by Neal Pionk.
7:31 of 1st period - Snap shot by Joel Farabee.
7:31 of 1st period - Shot Blocked by Rasmus Dahlin.
7:33 of 1st period - Snap shot by Andrew Copp.
7:33 of 1st period - Stopped by Charlie Lindgren with a rebound.
7:35 of 1st period - Slapshot by Connor Clifton.
7:35 of 1st period - Stopped by Charlie Lindgren without a rebound.
7:36 of 1st period - Vincent Trocheck wins face-off versus Frank Vatrano in Minnesota North Stars zone.
7:53 of 1st period - Snap shot by Viktor Arvidsson.
7:53 of 1st period - Deflect By Vincent Trocheck.
7:53 of 1st period - Shot Blocked by Gustav Forsling.
7:53 of 1st period - Puck is out of play.
7:54 of 1st period - Matthew Beniers wins face-off versus Ryan Nugent-Hopkins in Minnesota North Stars zone.
8:07 of 1st period - Wrist shot by Morgan Geekie.
8:07 of 1st period - Shot Hit the Post.
8:09 of 1st period - Slapshot by Ryan Lindgren.
8:09 of 1st period - Stopped by Charlie Lindgren with a rebound.
8:41 of 1st period - Gustav Forsling is hit by John-Jason Peterka and loses puck.
9:06 of 1st period - Snap shot by Evgeni Malkin.
9:06 of 1st period - Shot Blocked by Torey Krug.
9:08 of 1st period - Snap shot by Evgeni Malkin.
9:08 of 1st period - Shot Blocked by Andrew Copp.
9:12 of 1st period - Wrist shot by Evgeni Malkin.
9:12 of 1st period - Deflect By Brock Nelson.
9:12 of 1st period - Shot Misses the Net.
9:12 of 1st period - Puck is out of play.
9:13 of 1st period - Vincent Trocheck wins face-off versus Ryan Nugent-Hopkins in Boston Bruins zone.
10:12 of 1st period - Slapshot by Joel Farabee.
10:12 of 1st period - Stopped by Charlie Lindgren without a rebound.
10:13 of 1st period - Vincent Trocheck wins face-off versus Evan Rodrigues in Minnesota North Stars zone.
10:53 of 1st period - Connor Clifton is hit by Rasmus Dahlin and loses puck.
11:06 of 1st period - Lawson Crouse is hit by Ty Emberson and loses puck.
11:21 of 1st period - Minor Penalty to Connor Clifton for Tripping.
11:22 of 1st period - Jack Hughes wins face-off versus Vincent Trocheck in Boston Bruins zone.
11:33 of 1st period - Wrist shot by Valeri Nichushkin.
11:33 of 1st period - Shot Blocked by Torey Krug.
11:35 of 1st period - Snap shot by Frank Vatrano.
11:35 of 1st period - Stopped by Petr Mrazek without a rebound.
11:36 of 1st period - Ryan Strome wins face-off versus Evgeni Malkin in Boston Bruins zone.
11:51 of 1st period - Wrist shot by Evgeni Malkin.
11:51 of 1st period - Shot Misses the Net.
11:53 of 1st period - Wrist shot by Jonas Brodin.
11:53 of 1st period - Shot Misses the Net.
13:21 of 1st period - Penalty to Connor Clifton is over, Connor Clifton is back on ice.
13:53 of 1st period - Snap shot by Matthew Beniers.
13:53 of 1st period - Stopped by Charlie Lindgren without a rebound.
13:54 of 1st period - Morgan Geekie wins face-off versus Ryan Nugent-Hopkins in Minnesota North Stars zone.
14:31 of 1st period - Ryan Lindgren is hit by Ivan Barbashev and loses puck.
15:00 of 1st period - Slapshot by Valeri Nichushkin.
15:00 of 1st period - Stopped by Petr Mrazek without a rebound.
15:01 of 1st period - Andrew Copp wins face-off versus Evgeni Malkin in Boston Bruins zone.
15:01 of 1st period - Andrew Copp is hit by Dylan DeMelo.
15:33 of 1st period - Wrist shot by Joel Farabee.
15:33 of 1st period - Goal by Joel Farabee - Boston Bruins : 2 - Minnesota North Stars : 0.
15:34 of 1st period - William Karlsson wins face-off versus Vincent Trocheck in neutral zone.
15:51 of 1st period - Slapshot by Valeri Nichushkin.
15:51 of 1st period - Stopped by Petr Mrazek without a rebound.
15:52 of 1st period - Andrew Copp wins face-off versus Evgeni Malkin in Boston Bruins zone.
16:45 of 1st period - William Karlsson is hit by Morgan Geekie.
17:05 of 1st period - Wrist shot by Joel Farabee.
17:05 of 1st period - Shot Blocked by Rasmus Dahlin.
17:07 of 1st period - Slapshot by Ty Emberson.
17:07 of 1st period - Deflect By Joel Farabee.
17:07 of 1st period - Shot Blocked by Rasmus Dahlin.
17:07 of 1st period - Puck is out of play.
17:08 of 1st period - Evgeni Malkin wins face-off versus Andrew Copp in Minnesota North Stars zone.
17:29 of 1st period - Snap shot by Andrew Copp.
17:29 of 1st period - Shot Blocked by Dylan DeMelo.
17:31 of 1st period - Slapshot by Ryan Lindgren.
17:31 of 1st period - Shot Blocked by Jonas Brodin.
17:33 of 1st period - Wrist shot by Joel Farabee.
17:33 of 1st period - Stopped by Charlie Lindgren with a rebound.
17:35 of 1st period - Snap shot by Evander Kane.
17:35 of 1st period - Goal by Evander Kane - Boston Bruins : 3 - Minnesota North Stars : 0.
17:36 of 1st period - Alexander Kerfoot wins face-off versus Vincent Trocheck in neutral zone.
17:39 of 1st period - Ryan Strome is hit by Neal Pionk.
18:03 of 1st period - Evander Kane is hit by Lawson Crouse and loses puck.
18:38 of 1st period - Snap shot by Frank Vatrano.
18:38 of 1st period - Shot Blocked by Ty Emberson.
18:40 of 1st period - Wrist shot by William Karlsson.
18:40 of 1st period - Shot Blocked by Connor Clifton.
19:57 of 1st period - John Ludvig is hit by William Karlsson and loses puck.
Goals for this period are 3 for Boston Bruins vs 0 for Minnesota North Stars.
Shots for this period are 11 for Boston Bruins vs 8 for Minnesota North Stars.
2nd period
0:01 of 2nd period - William Karlsson wins face-off versus Ryan Strome in neutral zone.
0:19 of 2nd period - Ryan Lindgren is hit by Frank Vatrano and loses puck.
0:54 of 2nd period - Wrist shot by Ivan Barbashev.
0:54 of 2nd period - Shot Blocked by Ryan Lindgren.
0:59 of 2nd period - Off-side.
1:00 of 2nd period - Vincent Trocheck wins face-off versus William Karlsson in neutral zone.
1:13 of 2nd period - Wrist shot by Viktor Arvidsson.
1:13 of 2nd period - Stopped by Charlie Lindgren with a rebound.
1:15 of 2nd period - Snap shot by Viktor Arvidsson.
1:15 of 2nd period - Stopped by Charlie Lindgren with a rebound.
1:17 of 2nd period - Wrist shot by Viktor Arvidsson.
1:17 of 2nd period - Shot Misses the Net.
1:19 of 2nd period - Minor Penalty to Neal Pionk for Slashing.
1:20 of 2nd period - William Karlsson wins face-off versus Vincent Trocheck in Minnesota North Stars zone.
1:47 of 2nd period - Andrew Copp is hit by Dylan DeMelo and loses puck.
3:19 of 2nd period - Penalty to Neal Pionk is over, Neal Pionk is back on ice.
3:39 of 2nd period - Yegor Zamula is hit by Lawson Crouse.
4:27 of 2nd period - Icing by Morgan Geekie.
4:28 of 2nd period - Andrew Copp wins face-off versus Jack Hughes in Boston Bruins zone.
4:35 of 2nd period - Slapshot by Torey Krug.
4:35 of 2nd period - Shot Misses the Net.
4:37 of 2nd period - Snap shot by Andrew Copp.
4:37 of 2nd period - Shot Blocked by Neal Pionk.
5:12 of 2nd period - Snap shot by Brock Nelson.
5:12 of 2nd period - Deflect By Ty Emberson.
5:12 of 2nd period - Stopped by Petr Mrazek without a rebound.
5:13 of 2nd period - Andrew Copp wins face-off versus Evgeni Malkin in Boston Bruins zone.
5:24 of 2nd period - Snap shot by Evander Kane.
5:24 of 2nd period - Shot Misses the Net.
5:45 of 2nd period - Wrist shot by Evgeni Malkin.
5:45 of 2nd period - Shot Blocked by John Ludvig.
5:47 of 2nd period - Slapshot by Gustav Forsling.
5:47 of 2nd period - Stopped by Petr Mrazek without a rebound.
5:48 of 2nd period - Vincent Trocheck wins face-off versus William Karlsson in Boston Bruins zone.
5:55 of 2nd period - Slapshot by Vincent Trocheck.
5:55 of 2nd period - Deflect By Viktor Arvidsson.
5:55 of 2nd period - Stopped by Charlie Lindgren without a rebound.
5:56 of 2nd period - Ryan Strome wins face-off versus William Karlsson in Minnesota North Stars zone.
7:05 of 2nd period - Valeri Nichushkin is hit by Torey Krug.
7:19 of 2nd period - Snap shot by Viktor Arvidsson.
7:19 of 2nd period - Stopped by Charlie Lindgren without a rebound.
7:20 of 2nd period - Ryan Nugent-Hopkins wins face-off versus Andrew Copp in Minnesota North Stars zone.
7:58 of 2nd period - Snap shot by Brock Nelson.
7:58 of 2nd period - Stopped by Petr Mrazek with a rebound.
8:12 of 2nd period - Angus Crookshank is hit by Jonathan Marchessault and loses puck.
8:26 of 2nd period - Evan Rodrigues is hit by Angus Crookshank.
8:58 of 2nd period - Icing by Lawson Crouse.
8:59 of 2nd period - Matthew Beniers wins face-off versus Evgeni Malkin in Minnesota North Stars zone.
9:10 of 2nd period - Snap shot by Matthew Beniers.
9:10 of 2nd period - Shot Blocked by Lawson Crouse.
9:36 of 2nd period - Snap shot by Brock Nelson.
9:36 of 2nd period - Shot Blocked by Matthew Beniers.
9:52 of 2nd period - Wrist shot by Lawson Crouse.
9:52 of 2nd period - Stopped by Petr Mrazek without a rebound.
9:53 of 2nd period - Andrew Copp wins face-off versus Ryan Nugent-Hopkins in Boston Bruins zone.
9:58 of 2nd period - Wrist shot by Joel Farabee.
9:58 of 2nd period - Stopped by Charlie Lindgren without a rebound.
9:59 of 2nd period - Ryan Nugent-Hopkins wins face-off versus Andrew Copp in Minnesota North Stars zone.
10:30 of 2nd period - Slapshot by Valeri Nichushkin.
10:30 of 2nd period - Deflect By Frank Vatrano.
10:30 of 2nd period - Stopped by Petr Mrazek with a rebound.
10:50 of 2nd period - Snap shot by John-Jason Peterka.
10:50 of 2nd period - Stopped by Charlie Lindgren with a rebound.
10:52 of 2nd period - Backhand shot by Yegor Zamula.
10:52 of 2nd period - Stopped by Charlie Lindgren without a rebound.
10:53 of 2nd period - Ryan Nugent-Hopkins wins face-off versus Eetu Luostarinen in Minnesota North Stars zone.
11:23 of 2nd period - Icing by Brock Nelson.
11:24 of 2nd period - Brock Nelson wins face-off versus Andrew Copp in Minnesota North Stars zone.
12:13 of 2nd period - Snap shot by Lawson Crouse.
12:13 of 2nd period - Shot Misses the Net.
12:15 of 2nd period - Slapshot by Neal Pionk.
12:15 of 2nd period - Shot Blocked by Torey Krug.
12:25 of 2nd period - Wrist shot by Evgeni Malkin.
12:25 of 2nd period - Deflect By Lawson Crouse.
12:25 of 2nd period - Shot Misses the Net.
12:25 of 2nd period - Puck is out of play.
12:26 of 2nd period - Ryan Nugent-Hopkins wins face-off versus Andrew Copp in Boston Bruins zone.
13:04 of 2nd period - Minor Penalty to Connor Clifton for Slashing.
13:05 of 2nd period - Ryan Strome wins face-off versus Valeri Nichushkin in Boston Bruins zone.
13:17 of 2nd period - Snap shot by Jack Hughes.
13:17 of 2nd period - Deflect By Vincent Trocheck.
13:17 of 2nd period - Shot Misses the Net.
13:17 of 2nd period - Puck is out of play.
13:18 of 2nd period - Ryan Strome wins face-off versus Evgeni Malkin in Boston Bruins zone.
15:04 of 2nd period - Penalty to Connor Clifton is over, Connor Clifton is back on ice.
15:15 of 2nd period - Wrist shot by Ryan Nugent-Hopkins.
15:15 of 2nd period - Shot Misses the Net.
15:17 of 2nd period - Wrist shot by Ryan Nugent-Hopkins.
15:17 of 2nd period - Shot Misses the Net.
15:39 of 2nd period - Ivan Barbashev is hit by Morgan Geekie and loses puck.
15:46 of 2nd period - Wrist shot by Matthew Beniers.
15:46 of 2nd period - Stopped by Charlie Lindgren without a rebound.
15:47 of 2nd period - Matthew Beniers wins face-off versus Evgeni Malkin in Minnesota North Stars zone.
16:00 of 2nd period - Slapshot by Neal Pionk.
16:00 of 2nd period - Shot Blocked by Matthew Beniers.
16:06 of 2nd period - Minor Penalty to John Ludvig for Hooking.
16:07 of 2nd period - Evgeni Malkin wins face-off versus Ryan Strome in Boston Bruins zone.
17:00 of 2nd period - Torey Krug is hit by Evgeni Malkin and loses puck.
18:06 of 2nd period - Penalty to John Ludvig is over, John Ludvig is back on ice.
18:09 of 2nd period - John Ludvig is hit by Ryan Nugent-Hopkins and loses puck.
18:16 of 2nd period - Snap shot by Alexander Kerfoot.
18:16 of 2nd period - Goal by Alexander Kerfoot - Boston Bruins : 3 - Minnesota North Stars : 1.
18:17 of 2nd period - Matthew Beniers wins face-off versus Ryan Nugent-Hopkins in neutral zone.
18:19 of 2nd period - Off-side.
18:20 of 2nd period - Matthew Beniers wins face-off versus Ryan Nugent-Hopkins in neutral zone.
18:55 of 2nd period - Backhand shot by Evander Kane.
18:55 of 2nd period - Shot Blocked by Frank Vatrano.
19:11 of 2nd period - Slapshot by Evgeni Malkin.
19:11 of 2nd period - Shot Misses the Net.
19:13 of 2nd period - Slapshot by Lawson Crouse.
19:13 of 2nd period - Shot Misses the Net.
19:15 of 2nd period - Snap shot by Dylan DeMelo.
19:15 of 2nd period - Stopped by Petr Mrazek without a rebound.
19:16 of 2nd period - Andrew Copp wins face-off versus William Karlsson in Boston Bruins zone.
Goals for this period are 0 for Boston Bruins vs 1 for Minnesota North Stars.
Shots for this period are 8 for Boston Bruins vs 7 for Minnesota North Stars.
3rd period
0:01 of 3rd period - William Karlsson wins face-off versus Andrew Copp in neutral zone.
1:04 of 3rd period - Snap shot by Viktor Arvidsson.
1:04 of 3rd period - Shot Misses the Net.
1:12 of 3rd period - Backhand shot by Vincent Trocheck.
1:12 of 3rd period - Shot Blocked by Dylan DeMelo.
1:14 of 3rd period - Slapshot by Ryan Lindgren.
1:14 of 3rd period - Shot Misses the Net.
1:16 of 3rd period - Snap shot by Torey Krug.
1:16 of 3rd period - Stopped by Charlie Lindgren with a rebound.
1:18 of 3rd period - Slapshot by Viktor Arvidsson.
1:18 of 3rd period - Shot Blocked by Jonathan Marchessault.
2:09 of 3rd period - Wrist shot by Viktor Arvidsson.
2:09 of 3rd period - Shot Misses the Net.
2:11 of 3rd period - Wrist shot by Ryan Strome.
2:11 of 3rd period - Shot Misses the Net.
2:13 of 3rd period - Slapshot by Ryan Strome.
2:13 of 3rd period - Deflect By Viktor Arvidsson.
2:13 of 3rd period - Shot Blocked by Jonathan Marchessault.
2:13 of 3rd period - Puck is out of play.
2:14 of 3rd period - William Karlsson wins face-off versus Andrew Copp in Minnesota North Stars zone.
2:25 of 3rd period - Slapshot by Valeri Nichushkin.
2:25 of 3rd period - Stopped by Petr Mrazek with a rebound.
2:55 of 3rd period - Minor Penalty to Neal Pionk for Tripping.
2:56 of 3rd period - Andrew Copp wins face-off versus William Karlsson in Minnesota North Stars zone.
2:59 of 3rd period - Slapshot by Andrew Copp.
2:59 of 3rd period - Shot Misses the Net.
3:01 of 3rd period - Snap shot by Joel Farabee.
3:01 of 3rd period - Shot Hit the Post.
3:09 of 3rd period - Snap shot by Andrew Copp.
3:09 of 3rd period - Shot Misses the Net.
3:11 of 3rd period - Slapshot by Ty Emberson.
3:11 of 3rd period - Shot Misses the Net.
3:43 of 3rd period - Wrist shot by Anders Lee.
3:43 of 3rd period - Stopped by Charlie Lindgren with a rebound.
3:45 of 3rd period - Snap shot by Anders Lee.
3:45 of 3rd period - Stopped by Charlie Lindgren with a rebound.
4:01 of 3rd period - Ryan Lindgren is hit by Lawson Crouse and loses puck.
4:55 of 3rd period - Penalty to Neal Pionk is over, Neal Pionk is back on ice.
4:59 of 3rd period - Neal Pionk is hit by John-Jason Peterka and loses puck.
5:12 of 3rd period - Snap shot by Jonathan Marchessault.
5:12 of 3rd period - Shot Blocked by John-Jason Peterka.
5:14 of 3rd period - Slapshot by Ivan Barbashev.
5:14 of 3rd period - Deflect By Eetu Luostarinen.
5:14 of 3rd period - Stopped by Petr Mrazek without a rebound.
5:15 of 3rd period - Evan Rodrigues wins face-off versus Matthew Beniers in Boston Bruins zone.
5:16 of 3rd period - Wrist shot by Jonathan Marchessault.
5:16 of 3rd period - Stopped by Petr Mrazek without a rebound.
5:17 of 3rd period - Matthew Beniers wins face-off versus Evan Rodrigues in Boston Bruins zone.
5:20 of 3rd period - Wrist shot by Jonathan Marchessault.
5:20 of 3rd period - Shot Misses the Net.
5:22 of 3rd period - Snap shot by Jonathan Marchessault.
5:22 of 3rd period - Shot Misses the Net.
5:24 of 3rd period - Wrist shot by Evan Rodrigues.
5:24 of 3rd period - Goal by Evan Rodrigues - Boston Bruins : 3 - Minnesota North Stars : 2.
5:25 of 3rd period - William Karlsson wins face-off versus Andrew Copp in neutral zone.
5:30 of 3rd period - Wrist shot by William Karlsson.
5:30 of 3rd period - Stopped by Petr Mrazek with a rebound.
5:36 of 3rd period - Backhand shot by Valeri Nichushkin.
5:36 of 3rd period - Shot Misses the Net.
6:27 of 3rd period - Snap shot by Evgeni Malkin.
6:27 of 3rd period - Stopped by Petr Mrazek without a rebound.
6:28 of 3rd period - Andrew Copp wins face-off versus William Karlsson in Boston Bruins zone.
6:33 of 3rd period - Snap shot by Joel Farabee.
6:33 of 3rd period - Shot Misses the Net.
6:45 of 3rd period - Wrist shot by William Karlsson.
6:45 of 3rd period - Shot Blocked by Andrew Copp.
6:59 of 3rd period - Wrist shot by Ivan Barbashev.
6:59 of 3rd period - Stopped by Petr Mrazek with a rebound.
7:01 of 3rd period - Wrist shot by Ivan Barbashev.
7:01 of 3rd period - Stopped by Petr Mrazek without a rebound.
7:02 of 3rd period - Evan Rodrigues wins face-off versus Matthew Beniers in Boston Bruins zone.
7:17 of 3rd period - Backhand shot by Evan Rodrigues.
7:17 of 3rd period - Stopped by Petr Mrazek without a rebound.
7:18 of 3rd period - Andrew Copp wins face-off versus William Karlsson in Boston Bruins zone.
7:24 of 3rd period - Off-side.
7:25 of 3rd period - Andrew Copp wins face-off versus William Karlsson in neutral zone.
8:22 of 3rd period - Slapshot by Lawson Crouse.
8:22 of 3rd period - Stopped by Petr Mrazek without a rebound.
8:23 of 3rd period - Andrew Copp wins face-off versus William Karlsson in Boston Bruins zone.
8:23 of 3rd period - Andrew Copp is hit by Valeri Nichushkin.
8:33 of 3rd period - Wrist shot by William Karlsson.
8:33 of 3rd period - Shot Misses the Net.
8:35 of 3rd period - Wrist shot by Neal Pionk.
8:35 of 3rd period - Shot Blocked by Ty Emberson.
8:37 of 3rd period - Snap shot by Rasmus Dahlin.
8:37 of 3rd period - Stopped by Petr Mrazek without a rebound.
8:38 of 3rd period - Matthew Beniers wins face-off versus Ryan Nugent-Hopkins in Boston Bruins zone.
8:40 of 3rd period - Minor Penalty to John Ludvig for Hooking.
8:41 of 3rd period - Vincent Trocheck wins face-off versus Evgeni Malkin in Boston Bruins zone.
10:40 of 3rd period - Penalty to John Ludvig is over, John Ludvig is back on ice.
10:45 of 3rd period - Snap shot by Alexander Kerfoot.
10:45 of 3rd period - Shot Misses the Net.
10:47 of 3rd period - Backhand shot by Erik Cernak.
10:47 of 3rd period - Stopped by Petr Mrazek without a rebound.
10:48 of 3rd period - Anders Lee wins face-off versus Ryan Nugent-Hopkins in Boston Bruins zone.
10:53 of 3rd period - Snap shot by Matthew Beniers.
10:53 of 3rd period - Deflect By Anders Lee.
10:53 of 3rd period - Stopped by Charlie Lindgren with a rebound.
10:55 of 3rd period - Slapshot by John Ludvig.
10:55 of 3rd period - Deflect By Morgan Geekie.
10:55 of 3rd period - Stopped by Charlie Lindgren with a rebound.
10:57 of 3rd period - Slapshot by Anders Lee.
10:57 of 3rd period - Shot Hit the Post.
10:59 of 3rd period - Slapshot by John Ludvig.
10:59 of 3rd period - Shot Blocked by Jonas Brodin.
11:01 of 3rd period - Slapshot by Anders Lee.
11:01 of 3rd period - Shot Misses the Net.
11:03 of 3rd period - Wrist shot by Matthew Beniers.
11:03 of 3rd period - Deflect By Morgan Geekie.
11:03 of 3rd period - Shot Misses the Net.
11:03 of 3rd period - Puck is out of play.
11:04 of 3rd period - William Karlsson wins face-off versus Andrew Copp in Minnesota North Stars zone.
11:34 of 3rd period - Torey Krug is hit by Erik Cernak and loses puck.
11:57 of 3rd period - Off-side.
11:58 of 3rd period - Andrew Copp wins face-off versus Evan Rodrigues in neutral zone.
12:50 of 3rd period - Snap shot by Anders Lee.
12:50 of 3rd period - Stopped by Charlie Lindgren without a rebound.
12:51 of 3rd period - Matthew Beniers wins face-off versus William Karlsson in Minnesota North Stars zone.
12:56 of 3rd period - Wrist shot by Matthew Beniers.
12:56 of 3rd period - Shot Misses the Net.
13:21 of 3rd period - Snap shot by Andrew Copp.
13:21 of 3rd period - Shot Misses the Net.
13:45 of 3rd period - Snap shot by Ryan Nugent-Hopkins.
13:45 of 3rd period - Stopped by Petr Mrazek without a rebound.
13:46 of 3rd period - Andrew Copp wins face-off versus William Karlsson in Boston Bruins zone.
14:13 of 3rd period - Neal Pionk is hit by Torey Krug and loses puck.
14:29 of 3rd period - Icing by Jonas Brodin.
14:30 of 3rd period - Andrew Copp wins face-off versus Evgeni Malkin in Minnesota North Stars zone.
14:36 of 3rd period - Off-side.
14:37 of 3rd period - Evgeni Malkin wins face-off versus Andrew Copp in neutral zone.
14:46 of 3rd period - Snap shot by Joel Farabee.
14:46 of 3rd period - Stopped by Charlie Lindgren with a rebound.
14:48 of 3rd period - Snap shot by Evander Kane.
14:48 of 3rd period - Stopped by Charlie Lindgren with a rebound.
14:50 of 3rd period - Slapshot by Connor Clifton.
14:50 of 3rd period - Shot Blocked by Brock Nelson.
14:52 of 3rd period - Slapshot by Ty Emberson.
14:52 of 3rd period - Shot Misses the Net.
15:02 of 3rd period - Ryan Strome is hit by Gustav Forsling and loses puck.
15:10 of 3rd period - Erik Cernak is hit by Torey Krug and loses puck.
15:48 of 3rd period - Backhand shot by Jonathan Marchessault.
15:48 of 3rd period - Shot Blocked by Matthew Beniers.
16:18 of 3rd period - Wrist shot by Evander Kane.
16:18 of 3rd period - Shot Misses the Net.
16:34 of 3rd period - Icing by Vincent Trocheck.
16:35 of 3rd period - Vincent Trocheck wins face-off versus Ryan Nugent-Hopkins in Boston Bruins zone.
16:51 of 3rd period - Slapshot by Alexander Kerfoot.
16:51 of 3rd period - Shot Blocked by Ryan Strome.
17:06 of 3rd period - Snap shot by Viktor Arvidsson.
17:06 of 3rd period - Stopped by Charlie Lindgren with a rebound.
17:08 of 3rd period - Slapshot by Ryan Lindgren.
17:08 of 3rd period - Stopped by Charlie Lindgren with a rebound.
17:10 of 3rd period - Slapshot by Ryan Lindgren.
17:10 of 3rd period - Goal by Ryan Lindgren - Boston Bruins : 4 - Minnesota North Stars : 2.
17:11 of 3rd period - Matthew Beniers wins face-off versus Ryan Nugent-Hopkins in neutral zone.
17:14 of 3rd period - Ryan Nugent-Hopkins is hit by Anders Lee and loses puck.
17:39 of 3rd period - Snap shot by Ivan Barbashev.
17:39 of 3rd period - Shot Misses the Net.
17:41 of 3rd period - Slapshot by Jonas Brodin.
17:41 of 3rd period - Shot Misses the Net.
17:43 of 3rd period - Snap shot by Jonathan Marchessault.
17:43 of 3rd period - Shot Misses the Net.
17:45 of 3rd period - Slapshot by Dylan DeMelo.
17:45 of 3rd period - Shot Misses the Net.
18:19 of 3rd period - Minor Penalty to Rasmus Dahlin for Tripping.
18:20 of 3rd period - Vincent Trocheck wins face-off versus Alexander Kerfoot in Minnesota North Stars zone.
18:25 of 3rd period - Slapshot by Ryan Strome.
18:25 of 3rd period - Shot Misses the Net.
18:27 of 3rd period - Wrist shot by Viktor Arvidsson.
18:27 of 3rd period - Stopped by Charlie Lindgren with a rebound.
18:29 of 3rd period - Wrist shot by Viktor Arvidsson.
18:29 of 3rd period - Shot Blocked by Jonas Brodin.
18:31 of 3rd period - Slapshot by Connor Clifton.
18:31 of 3rd period - Goal by Connor Clifton - Boston Bruins : 5 - Minnesota North Stars : 2.
18:32 of 3rd period - Evgeni Malkin wins face-off versus Andrew Copp in neutral zone.
19:06 of 3rd period - Snap shot by Ryan Strome.
19:06 of 3rd period - Shot Blocked by Erik Cernak.
19:27 of 3rd period - Off-side.
19:28 of 3rd period - Andrew Copp wins face-off versus Evgeni Malkin in neutral zone.
19:37 of 3rd period - Snap shot by Andrew Copp.
19:37 of 3rd period - Deflect By Evgeni Malkin.
19:37 of 3rd period - Stopped by Charlie Lindgren without a rebound.
19:38 of 3rd period - Evgeni Malkin wins face-off versus Andrew Copp in Minnesota North Stars zone.
Goals for this period are 2 for Boston Bruins vs 1 for Minnesota North Stars.
Shots for this period are 14 for Boston Bruins vs 13 for Minnesota North Stars.
Back to the Top